 Dungeon Crawl Stone Soup version 0.24.0-1-gfbc8707122 (webtiles) character file.

Game seed: 11447222523474980904, levelgen mode: deterministic

134 Aviak the Insei (level 5, -5/35 HPs)
             Began as an Octopode Transmuter on Oct 27, 2019.
             Slain by an ogre
             ... wielding a cursed -3 giant spiked club
              (19 damage)
             ... on level 4 of the Dungeon.
             The game lasted 00:02:50 (3680 turns).

Aviak the Insei (Octopode Transmuter)               Turns: 3680, Time: 00:02:51

Health: -5/35      AC:  1    Str:  9    XL:     5   Next: 17%
Magic:  0/9        EV: 13    Int: 16    God:
Gold:   125        SH:  0    Dex: 13    Spells: 6/9 levels left

rFire    . . .     SeeInvis .     - Unarmed
rCold    . . .     Gourm    .   (no shield)
rNeg     . . .     Faith    .   (helmet restricted)
rPois    .         Spirit   .   (no amulet)
rElec    .         Reflect  .   (no ring)
rCorr    .         Harm     .   (no ring)
MR       .....                  (no ring)
Stlth    ++........             (no ring)
HPRegen  0.11/turn              (no ring)
MPRegen  0.11/turn              (no ring)
                                (no ring)
                                (no ring)

@: appendage (expiring)
A: almost no armour, stealthy swim, amphibious, 8 rings, constrict 8, tentacle
spike 3, camouflage 1, gelatinous body 1
a: End Transformation


You were on level 4 of the Dungeon.
You were not hungry.
One of your tentacles had a temporary spike.
You visited 1 branch of the dungeon, and saw 4 of its levels.

You collected 125 gold pieces.

Inventory:

Missiles
 a - 30 arrows
Scrolls
 b - 2 scrolls of identify {unknown}
 f - a scroll of random uselessness {unknown}
 h - 3 scrolls of enchant armour {unknown}
 l - a scroll of immolation {unknown}
 t - 2 scrolls of teleportation
Potions
 d - a potion of might {unknown}
 e - a potion of mutation {unknown}
 i - a potion of heal wounds {unknown}
 j - 2 potions of curing {unknown}
 m - a potion of ambrosia {unknown}
Comestibles
 c - 5 rations


   Skills:
 + Level 2.4 Fighting
 - Level 2.0 Dodging
 + Level 3.8 Unarmed Combat
 + Level 2.9 Spellcasting
 + Level 3.0 Transmutations


You had 6 spell levels left.
You knew the following spells:

 Your Spells              Type           Power        Failure   Level  Hunger
a - Beastly Appendage     Tmut           ##....       5%          1    #......
b - Sticks to Snakes      Tmut           ##......     9%          2    ##.....

Your spell library contained the following spells:

 Spells                   Type           Power        Failure   Level  Hunger
 Spider Form              Tmut/Pois      #.........   30%         3    ###....
 Ice Form                 Ice/Tmut       #.......     69%         4    #####..
 Blade Hands              Tmut           ##........   83%         5    ######.


Dungeon Overview and Level Annotations

Branches:
Dungeon (4/15)
 Temple: D:4-7

Altars:

Annotations:
D:2 Robin


Innate Abilities, Weirdness & Mutations

You cannot wear most types of armour.
You are very stealthy in the water. (Stealth+)
You are amphibious.
You can wear up to eight rings at the same time.
You can use your tentacles to constrict eight enemies at once.
Your skin changes colour to match your surroundings (Stealth+).
Your rubbery body absorbs attacks. (AC +1, EV +1)
One of your tentacles bears a large vicious spike.


Message History

Casting: Sticks to Snakes (safe; 9% risk of failure)
Confirm with . or Enter, or press ? or * to list all spells.
You don't have enough magic to cast that spell.
Casting: Sticks to Snakes (safe; 9% risk of failure)
Confirm with . or Enter, or press ? or * to list all spells.
One of your tentacles grows a vicious spike.
Your transformation is almost over.
You aren't carrying any items that you can evoke.
You eat one of the 6 rations.
That ration really hit the spot!
You tentacle-slap the ogre. You squeeze the ogre.
The ogre is heavily wounded.
The ogre hits you with a cursed -3 giant spiked club!!
Ouch! That really hurt!
You tentacle-slap the ogre. You squeeze the ogre.
The ogre is severely wounded.
You tentacle-slap the ogre.
You pierce the ogre, but do no damage.
The ogre is almost dead.
The ogre hits you with a cursed -3 giant spiked club!!
Ouch! That really hurt!
You die...

#.# ##.#######
#......... ####..###.###
#.........##
#.##.......#
####.#####.##...###.#
.......<...##..O###.##.#
#############...@......#
#.#.###.#### #.#.# #....
###.# #.# #.# #.


You could see an ogre.

Vanquished Creatures
  Crazy Yiuf (D:2)
  4 adders (D:3)
  An adder zombie (D:3)
  2 worms (D:2)
  4 leopard geckos
  3 ball pythons
  6 giant cockroaches
  6 goblins
  3 hobgoblins
  6 jackals (D:1)
  3 kobolds (D:1)
  A quokka (D:2)
  6 bats
  2 frilled lizards
  7 rats
55 creatures vanquished.

Vanquished Creatures (collateral kills)
  2 goblins (D:2)
2 creatures vanquished.

Vanquished Creatures (others)
  A goblin (D:2)
1 creature vanquished.

Grand Total: 58 creatures vanquished

Notes
Turn   | Place    | Note
-------+----------+-------------------------------------------
     0 | D:1      | Aviak the Octopode Transmuter began the quest for the Orb.
     0 | D:1      | Reached XP level 1. HP: 13/13 MP: 3/3
   215 | D:1      | Reached XP level 2. HP: 11/18 MP: 3/5
   232 | D:1      | Learned a level 2 spell: Sticks to Snakes
   847 | D:1      | Reached XP level 3. HP: 20/23 MP: 6/6
  1709 | D:2      | Found a runed translucent door.
  1710 | D:2      | Noticed Crazy Yiuf
  1847 | D:2      | Noticed Robin
  2224 | D:2      | Killed Crazy Yiuf
  2224 | D:2      | Reached XP level 4. HP: 29/29 MP: 5/8
  2843 | D:3      | Reached XP level 5. HP: 25/35 MP: 9/9
  3654 | D:4      | Noticed an ogre
  3680 | D:4      | Slain by an ogre

Levels and vault maps discovered:
D:1:      dpeg_arrival_orchard, layout_loops_ring
D:2:      layout_basic, minmay_pentomino_p2, uniq_crazy_yiuf_cottage, uniq_robin
D:3:      layout_loops_ring
D:4:      layout_loops_ring, first_ration

Skill      XL: |  1  2  3  4 |
---------------+-------------+-----
Fighting       | 2 |  2.4
Transmutations | 3 |  3.0
Dodging        | |  2.0
Unarmed Combat | |  3.8
Spellcasting   | |  2.9

Action                   |  1- 3 |  4- 6 || total
-------------------------+-------+-------++-------
Melee: Unarmed           |   102 |    35 ||   137
       Constrict         |    29 |    10 ||    39
       Kick              |    12 |     3 ||    15
       Tentacles         |    14 |     5 ||    19
       Punch             |     3 |     1 ||     4
 Cast: Beastly Appendage |    13 |     6 ||    19
       Sticks to Snakes  |     3 |     5 ||     8
  Use: Scroll            |     1 |       ||     1
 Stab: Sleeping          |     3 |     4 ||     7
  Eat: Chunk             |     3 |     1 ||     4
       Ration            |       |     2 ||     2
Armor: Skin              |    10 |     3 ||    13
Dodge: Dodged            |    75 |    10 ||    85
